 Dungeon Crawl Stone Soup version 0.28.0-62-gf88900778d (webtiles) character file.

Game seed: 10565752242822751185

444 cbfl8 the Skirmisher (level 7, 0/74 HPs)
             Began as an Ogre Fighter on Mar 10, 2024.
             Slain by a water moccasin (1 damage)
             ... on level 6 of the Dungeon.
             The game lasted 00:02:49 (2665 turns).

cbfl8 the Skirmisher (Ogre Fighter)                 Turns: 2665, Time: 00:02:50

Health: 0/74       AC:  3    Str: 21    XL:     7   Next: 3%
Magic:  7/7        EV:  8    Int:  9    God:
Gold:   699        SH:  7    Dex: 10    Spells: 6/6 levels left

rFire   . . .      SeeInvis .   a - +1 war axe
rCold   . . .      Faith    .   c - +0 kite shield
rNeg    . . .      Spirit   .   b - +0 robe
rPois   +          Reflect  .   (helmet restricted)
rElec   .          Harm     .   (no cloak)
rCorr   .          Rampage  .   (gloves unavailable)
Will    .....                   (boots unavailable)
Stlth   +.........              (no amulet)
HPRegen 0.22/turn               e - ring of flight
MPRegen 0.10/turn               d - ring of poison resistance

@: flying
A: large, unfitting armour, tough skin 1
a: no special abilities


You were on level 6 of the Dungeon.
You visited 1 branch of the dungeon, and saw 4 of its levels.

You collected 699 gold pieces.

Inventory:

Hand Weapons
 a - a +1 war axe (weapon)
Armour
 b - a +0 robe (worn)
 c - a +0 kite shield (worn)
Jewellery
 d - a ring of poison resistance (right hand)
 e - a ring of flight (left hand)
Scrolls
 f - a scroll of teleportation {unknown}
 h - a scroll of torment {unknown}
 n - a scroll of identify {unknown}


   Skills:
 + Level 5.7 Fighting
 + Level 5.0 Axes
 - Level 2.6 Dodging
 + Level 3.5 Shields
 * Level 2.3 Evocations


You had 6 spell levels left.
You didn't know any spells.
Your spell library contained the following spells:

 Spells                   Type           Power      Damage    Failure   Level
 Ozocubu's Armour         Ice            0%         N/A       96%         3
 Ozocubu's Refrigeration  Ice            0%         4d5       100%        7


Dungeon Overview and Level Annotations

Branches:
Dungeon (3/15)

Altars:
Gozag
Makhleb


Innate Abilities, Weirdness & Mutations

You are too large for most types of armour.
You have tough skin. (AC +1)


Message History

The centaur zombie is almost destroyed.
The centaur zombie hits you but does no damage.
You block the centaur zombie's attack. The centaur zombie hits you.
* * * LOW HITPOINT WARNING * * *
You block the centaur zombie's attack.
Unknown command.
You are confused.
You feel invigorated.
You feel less invigorated.
You feel less confused. The water moccasin bites you.
The water moccasin bites you.
Items here: ††††.
You closely miss the water moccasin. The water moccasin bites you.
* * * LOW HITPOINT WARNING * * *
The water moccasin bites you.
* * * LOW HITPOINT WARNING * * *
The water moccasin closely misses you. The water moccasin barely misses you.
You block the water moccasin's attack.
Found a white potion.
You hear the slow hiss of a distant avalanche of sand.
The water moccasin bites you!
* * * LOW HITPOINT WARNING * * *
The water moccasin bites you.
* * * LOW HITPOINT WARNING * * *
There is a shaft here.
The water moccasin closely misses you.
Found 12 arrows.
The water moccasin bites you.
* * * LOW HITPOINT WARNING * * *
The water moccasin bites you!
* * * LOW HITPOINT WARNING * * *
You aren't carrying any potions.
Unknown command.
You block the water moccasin's attack.
You slash the water moccasin!
The water moccasin is moderately wounded.
The water moccasin bites you.
You die...

# # ## #. ######### ##.
#.......#########..
#...............†.# ****
###........#†....#### ,,,*****
#Z.S@..##........#***
**,,,,,######.########._.....#*,,
*****..........#####....[>..#,,,
*#######(#..^.....#.........
#.######............. *#.#
##...##.##..!. *..#**
##.....#*.... ***.##,***
#..##..,.#..
**********,..**,,,***#.##,...**##


You could see a water moccasin and a centaur zombie.

Vanquished Creatures
  A black bear (D:6)
  A necrophage (D:6)
  A howler monkey (D:6)
  A bullfrog zombie (D:6)
  A hound (D:6)
  A bullfrog skeleton (D:6)
  Natasha (D:3)
  6 adders
  A worm (D:3)
  2 dart slugs
  An orc (D:3)
  6 ball pythons
  6 endoplasms
  A giant cockroach (D:1)
  2 goblins (D:1)
  8 hobgoblins
  5 jackals
  4 quokkas
  2 bats
  6 frilled lizards
  5 kobolds
  3 rats
65 creatures vanquished.

Vanquished Creatures (others)
  2 plants (D:1)
2 creatures vanquished.

Grand Total: 67 creatures vanquished

Notes
Turn   | Place    | Note
-------+----------+-------------------------------------------
     0 | D:1      | cbfl8 the Ogre Fighter began the quest for the Orb.
     0 | D:1      | Reached XP level 1. HP: 24/24 MP: 1/1
   153 | D:1      | Reached XP level 2. HP: 25/32 MP: 2/2
   796 | D:1      | Reached XP level 3. HP: 40/40 MP: 3/3
  1125 | D:2      | Found a faded altar of an unknown god.
  1229 | D:2      | Reached skill level 1 in Evocations
  1325 | D:2      | Reached XP level 4. HP: 41/49 MP: 4/4
  1566 | D:2      | Found an opulent altar of Gozag.
  1880 | D:3      | Noticed Natasha
  2301 | D:3      | Killed Natasha
  2350 | D:3      | Reached XP level 5. HP: 55/55 MP: 5/5
  2564 | D:3      | You are sucked into a shaft and drop 3 floors!
  2565 | D:6      | Found a burning altar of Makhleb.
  2567 | D:6      | Noticed a black bear
  2575 | D:6      | Reached skill level 5 in Fighting
  2582 | D:6      | Killed a black bear
  2583 | D:6      | Reached XP level 6. HP: 36/66 MP: 6/6
  2595 | D:6      | Noticed a necrophage
  2599 | D:6      | Identified a scroll of acquirement
  2599 | D:6      | Acquired 652 gold pieces
  2604 | D:6      | Killed a necrophage
  2605 | D:6      | Reached skill level 5 in Axes
  2605 | D:6      | Reached XP level 7. HP: 28/74 MP: 7/7
  2662 | D:6      | HP: 1/74 [water moccasin (7)]
  2665 | D:6      | Slain by a water moccasin

Illustrated notes

Levels and vault maps discovered:
D:1:      saegor_arrival_simple_b, layout_loops_ring, minmay_shallow_snake_nest
D:2:      layout_basic, basic_altar, serial_glass, glass_columns_c,
          glass_columns_a, item_on_display_a, hellmonk_ecumenical_altar_blasted
D:3:      layout_basic, uniq_natasha
D:6:      layout_rooms, mainiacjoe_overflow_tiny_flanked, enter_ossuary_4

Skill      XL: |  1  2  3  4  5  6 |
---------------+-------------------+-----
Shields        | 3 |  3.5
Evocations     | 1 2 |  2.3
Axes           | 3 4 5 |  5.0
Fighting       | 5 |  5.7
Dodging        | |  2.6

Action                   |  1- 3 |  4- 6 |  7- 9 || total
-------------------------+-------+-------+-------++-------
Melee: War axe           |   103 |    88 |    10 ||   201
  Use: Potion            |       |     3 |     1 ||     4
       Scroll            |       |     2 |     2 ||     4
 Stab: Sleeping          |       |     1 |       ||     1
Armor: Robe              |    33 |    27 |     8 ||    68
Dodge: Dodged            |    30 |    35 |     7 ||    72
Block: Kite shield       |    47 |    40 |    12 ||    99
